[ AOE2 MATCH · #506006118 ]
UnrankedItalians vs Bulgarians
Player's team · WIN
[ REPLAY ANALYSIS · EXTRACTED FROM THE RECORDED GAME ]
Feudal
8:53
Castle
20:23
Imperial
33:58
| APM avg | 73.9 |
| APM peak | 117 |
| eAPM avg | 43.3 |
| Villagers / military | 121 / 48 |
Focus
⚔️ 16.8% · 🌾 83.2%
Genoese Crossbowman ×20 · Skirmisher ×10 · Monk ×7 · Spearman ×5 · Knight ×2 · Trebuchet (Packed) ×2
Feudal
8:58
Castle
22:10
Imperial
—
| APM avg | 41.5 |
| APM peak | 83 |
| eAPM avg | 16.2 |
| Villagers / military | 97 / 52 |
Focus
⚔️ 36.6% · 🌾 63.4%
Knight ×24 · Skirmisher ×13 · Spearman ×5 · Militia ×4 · Battering Ram ×4 · Monk ×2
Match map
Initial resources + every placement click. Lines = walls · curves = elevation contours. ◆ gold · ⬟ stone · ● berries · ✦ relic · ◌ wall gap
Your base· Open — 1t gap
the_meatloaf___'s base· Open — 5t gap
Smoothed initial terrain · ◌ = detected wall gap · hover for details
Inputs per minute
— Diago - - the_meatloaf___
Build order — Diago
First 150 of 334 actions detected
| 0:01 | Queue | Villager (Male) |
| 0:01 | Queue | Villager (Male) |
| 0:01 | Queue | Villager (Male) |
| 0:01 | Queue | Villager (Male) |
| 0:02 | Build | House |
| 0:04 | Build | House |
| 1:43 | Queue | Villager (Male) |
| 1:53 | Queue | Villager (Male) |
| 2:11 | Build | Lumber Camp |
| 2:24 | Queue | Villager (Male) |
| 2:24 | Queue | Villager (Male) |
| 2:52 | Queue | Villager (Male) |
| 3:14 | Queue | Villager (Male) |
| 3:36 | Queue | Villager (Male) |
| 3:41 | Queue | Villager (Male) |
| 3:51 | Build | House |
| 4:20 | Queue | Villager (Male) |
| 4:48 | Queue | Villager (Male) |
| 4:58 | Build | Mill |
| 5:22 | Queue | Villager (Male) |
| 5:48 | Queue | Villager (Male) |
| 5:56 | Research | Loom |
| 6:38 | Research | Feudal Age |
| 6:48 | Build | House |
| 7:51 | Build | Barracks |
| 8:09 | Queue | Villager (Male) |
| 8:53 | Age | Feudal Age |
| 8:55 | Build | Stable |
| 8:58 | Research | Double-Bit Axe |
| 9:00 | Queue | Villager (Male) |
| 9:24 | Queue | Villager (Male) |
| 9:35 | Build | Archery Range |
| 9:51 | Research | Horse Collar |
| 9:54 | Queue | Villager (Male) |
| 9:57 | Build | House |
| 10:17 | Build | House |
| 10:20 | Queue | Villager (Male) |
| 10:22 | Build | Farm |
| 10:25 | Queue | Skirmisher |
| 10:26 | Queue | Skirmisher |
| 10:41 | Queue | Archer |
| 10:42 | Queue | Villager (Male) |
| 10:48 | Build | House |
| 10:49 | Queue | Skirmisher |
| 10:54 | Queue | Skirmisher |
| 11:10 | Build | House |
| 11:15 | Build | Farm |
| 11:17 | Queue | Villager (Male) |
| 11:24 | Queue | Skirmisher |
| 11:35 | Build | Palisade Gate |
| 11:44 | Queue | Villager (Male) |
| 11:46 | Build | Farm |
| 11:51 | Build | Farm |
| 11:53 | Queue | Villager (Male) |
| 12:04 | Build | Farm |
| 12:10 | Queue | Villager (Male) |
| 12:16 | Build | Farm |
| 12:22 | Build | Farm |
| 12:27 | Queue | Skirmisher |
| 12:43 | Queue | Villager (Male) |
| 12:56 | Queue | Skirmisher |
| 12:58 | Build | House |
| 13:04 | Queue | Skirmisher |
| 13:21 | Queue | Villager (Male) |
| 13:25 | Build | Farm |
| 13:33 | Build | House |
| 13:49 | Build | Market |
| 13:50 | Queue | Villager (Male) |
| 13:55 | Queue | Skirmisher |
| 14:04 | Build | Farm |
| 14:04 | Queue | Villager (Male) |
| 14:15 | Queue | Skirmisher |
| 14:21 | Queue | Villager (Male) |
| 14:41 | Build | House |
| 14:48 | Research | Wheelbarrow |
| 14:48 | Research | Wheelbarrow |
| 14:56 | Build | Farm |
| 14:57 | Build | Farm |
| 15:01 | Queue | Villager (Male) |
| 15:04 | Build | House |
| 15:10 | Build | Lumber Camp |
| 15:53 | Build | House |
| 16:21 | Build | House |
| 16:39 | Build | Farm |
| 16:40 | Queue | Villager (Male) |
| 17:33 | Build | Farm |
| 17:43 | Research | Castle Age |
| 17:44 | Research | Castle Age |
| 17:45 | Queue | Villager (Male) |
| 17:50 | Build | Stable |
| 17:58 | Queue | Villager (Male) |
| 18:01 | Build | Blacksmith |
| 18:45 | Research | Scale Barding Armor |
| 18:59 | Build | Farm |
| 19:00 | Build | Farm |
| 19:06 | Research | Bloodlines |
| 19:29 | Research | Fletching |
| 19:48 | Build | Lumber Camp |
| 19:59 | Queue | Villager (Male) |
| 20:23 | Age | Castle Age |
| 20:25 | Queue | Knight |
| 20:30 | Queue | Villager (Male) |
| 20:37 | Queue | Knight |
| 21:05 | Queue | Villager (Male) |
| 21:35 | Queue | Villager (Male) |
| 21:35 | Queue | Villager (Male) |
| 21:59 | Build | Town Center |
| 22:01 | Queue | Villager (Male) |
| 22:05 | Build | Town Center |
| 22:05 | Queue | Villager (Male) |
| 22:11 | Research | Bow Saw |
| 22:15 | Build | Farm |
| 22:15 | Build | Farm |
| 22:16 | Build | Farm |
| 22:16 | Build | Farm |
| 22:16 | Build | Farm |
| 22:16 | Build | Farm |
| 22:17 | Build | Farm |
| 22:29 | Build | Monastery |
| 22:40 | Build | Farm |
| 22:40 | Build | Farm |
| 22:41 | Build | Farm |
| 22:41 | Build | Farm |
| 22:49 | Build | House |
| 22:59 | Research | Town Watch |
| 23:17 | Build | Mill |
| 23:22 | Queue | Villager (Male) |
| 23:39 | Queue | Monk |
| 23:41 | Queue | Villager (Male) |
| 23:44 | Queue | Villager (Male) |
| 23:51 | Research | Husbandry |
| 23:51 | Research | Husbandry |
| 23:56 | Queue | Villager (Male) |
| 24:01 | Queue | Villager (Male) |
| 24:02 | Queue | Villager (Male) |
| 24:16 | Queue | Villager (Male) |
| 24:17 | Build | House |
| 24:21 | Build | Farm |
| 24:23 | Queue | Villager (Male) |
| 24:25 | Build | Lumber Camp |
| 24:31 | Queue | Villager (Male) |
| 24:32 | Build | Farm |
| 24:34 | Build | Farm |
| 24:35 | Queue | Villager (Male) |
| 24:35 | Queue | Villager (Male) |
| 24:42 | Research | Heavy Plow |
| 24:45 | Queue | Monk |
| 24:49 | Queue | Villager (Male) |
| 24:57 | Build | Farm |
| 25:04 | Queue | Villager (Male) |
Build order — the_meatloaf___
First 150 of 257 actions detected
| 0:00 | Queue | Villager (Male) |
| 0:01 | Queue | Villager (Male) |
| 0:01 | Queue | Villager (Male) |
| 0:02 | Build | House |
| 0:04 | Build | House |
| 0:13 | Queue | Villager (Male) |
| 1:37 | Queue | Villager (Male) |
| 1:47 | Build | Lumber Camp |
| 1:54 | Queue | Villager (Male) |
| 2:21 | Queue | Villager (Male) |
| 2:55 | Queue | Villager (Male) |
| 2:57 | Queue | Villager (Male) |
| 3:35 | Queue | Villager (Male) |
| 3:52 | Build | House |
| 4:05 | Queue | Villager (Male) |
| 4:24 | Queue | Villager (Male) |
| 4:24 | Queue | Villager (Male) |
| 4:36 | Queue | Villager (Male) |
| 5:09 | Build | Barracks |
| 5:33 | Queue | Villager (Male) |
| 5:37 | Queue | Villager (Male) |
| 5:57 | Build | House |
| 6:48 | Research | Feudal Age |
| 6:52 | Build | Mill |
| 7:03 | Queue | Militia |
| 7:27 | Queue | Militia |
| 7:47 | Queue | Militia |
| 7:50 | Build | House |
| 8:15 | Queue | Militia |
| 8:58 | Age | Feudal Age |
| 9:00 | Build | Archery Range |
| 9:00 | Queue | Villager (Male) |
| 9:40 | Queue | Villager (Male) |
| 9:43 | Build | Farm |
| 9:44 | Queue | Skirmisher |
| 9:52 | Queue | Villager (Male) |
| 9:57 | Research | Double-Bit Axe |
| 10:18 | Queue | Skirmisher |
| 11:09 | Queue | Villager (Male) |
| 11:10 | Queue | Skirmisher |
| 11:16 | Build | House |
| 11:21 | Build | Blacksmith |
| 11:42 | Build | Mining Camp |
| 11:49 | Queue | Villager (Male) |
| 11:49 | Queue | Villager (Male) |
| 11:51 | Queue | Skirmisher |
| 12:23 | Build | House |
| 12:30 | Build | House |
| 12:31 | Build | House |
| 12:49 | Queue | Villager (Male) |
| 12:52 | Research | Fletching |
| 13:10 | Queue | Villager (Male) |
| 13:14 | Research | Scale Mail Armor |
| 13:23 | Queue | Skirmisher |
| 13:23 | Queue | Skirmisher |
| 13:26 | Build | House |
| 13:26 | Build | House |
| 13:31 | Queue | Villager (Male) |
| 13:52 | Queue | Villager (Male) |
| 13:56 | Build | Farm |
| 13:59 | Build | Farm |
| 14:02 | Build | Farm |
| 14:04 | Build | Farm |
| 14:05 | Queue | Villager (Male) |
| 14:06 | Queue | Skirmisher |
| 14:08 | Research | Forging |
| 14:19 | Research | Arson |
| 14:26 | Build | House |
| 14:56 | Queue | Skirmisher |
| 14:56 | Queue | Skirmisher |
| 15:06 | Queue | Villager (Male) |
| 15:07 | Queue | Villager (Male) |
| 15:12 | Build | House |
| 15:17 | Research | Loom |
| 15:51 | Queue | Skirmisher |
| 15:51 | Queue | Skirmisher |
| 15:53 | Queue | Villager (Male) |
| 15:54 | Queue | Villager (Male) |
| 15:59 | Build | Farm |
| 16:01 | Build | Farm |
| 16:11 | Queue | Skirmisher |
| 16:12 | Queue | Skirmisher |
| 16:24 | Research | Wheelbarrow |
| 16:26 | Build | House |
| 16:32 | Build | Farm |
| 16:33 | Build | Farm |
| 16:36 | Build | Farm |
| 17:05 | Build | Stable |
| 18:12 | Queue | Villager (Male) |
| 18:12 | Queue | Villager (Male) |
| 18:20 | Build | Market |
| 19:05 | Build | Farm |
| 19:08 | Build | Farm |
| 19:10 | Build | Farm |
| 19:13 | Build | Farm |
| 19:30 | Research | Castle Age |
| 19:52 | Build | Stable |
| 19:58 | Research | Horse Collar |
| 20:49 | Queue | Spearman |
| 20:50 | Queue | Spearman |
| 20:50 | Queue | Spearman |
| 21:03 | Build | Farm |
| 21:06 | Build | House |
| 21:07 | Build | House |
| 21:08 | Build | House |
| 21:10 | Research | Scale Barding Armor |
| 21:47 | Research | Bloodlines |
| 22:02 | Build | Farm |
| 22:04 | Build | Farm |
| 22:10 | Age | Castle Age |
| 22:13 | Queue | Knight |
| 22:13 | Queue | Knight |
| 22:15 | Queue | Spearman |
| 22:15 | Queue | Spearman |
| 22:17 | Queue | Villager (Male) |
| 22:21 | Research | Iron Casting |
| 22:26 | Build | Lumber Camp |
| 22:38 | Build | House |
| 22:40 | Queue | Knight |
| 22:49 | Queue | Knight |
| 22:50 | Queue | Knight |
| 23:11 | Queue | Villager (Male) |
| 23:12 | Research | Chain Mail Armor |
| 23:43 | Research | Husbandry |
| 23:43 | Queue | Knight |
| 23:55 | Queue | Villager (Male) |
| 23:56 | Queue | Villager (Male) |
| 23:59 | Build | Town Center |
| 24:12 | Research | Bow Saw |
| 24:24 | Build | House |
| 24:29 | Queue | Knight |
| 24:29 | Queue | Knight |
| 24:56 | Queue | Villager (Male) |
| 25:03 | Queue | Knight |
| 25:03 | Queue | Knight |
| 25:22 | Build | Monastery |
| 25:42 | Queue | Villager (Male) |
| 25:43 | Queue | Villager (Male) |
| 25:44 | Queue | Knight |
| 25:45 | Queue | Knight |
| 26:07 | Queue | Villager (Male) |
| 26:09 | Queue | Knight |
| 26:09 | Queue | Knight |
| 26:28 | Build | Farm |
| 26:31 | Build | Farm |
| 26:33 | Queue | Villager (Male) |
| 26:34 | Queue | Villager (Male) |
| 27:00 | Queue | Villager (Male) |
| 27:00 | Queue | Villager (Male) |
| 27:02 | Build | Farm |
Match timeline
| 5:09 | the_meatloaf___ · first_building Barracks |
| 7:51 | Diago · first_building Barracks |
| 8:53 | Diago · age_up feudal |
| 8:55 | Diago · first_building Stable |
| 8:58 | the_meatloaf___ · age_up feudal |
| 9:00 | the_meatloaf___ · first_building Archery Range |
| 9:35 | Diago · first_building Archery Range |
| 16:04 | Diago · first_market_sell 100 wood |
| 17:05 | the_meatloaf___ · first_building Stable |
| 20:23 | Diago · age_up castle |
| 22:10 | the_meatloaf___ · age_up castle |
| 22:29 | Diago · first_building Monastery |
| 25:22 | the_meatloaf___ · first_building Monastery |
| 27:38 | the_meatloaf___ · first_market_sell 100 wood |
| 28:49 | Diago · first_building Castle |
| 32:15 | the_meatloaf___ · first_building Siege Workshop |
| 32:37 | Diago · first_market_buy 100 wood |
| 32:42 | Diago · first_building Siege Workshop |
| 33:58 | Diago · age_up imperial |
| 34:21 | the_meatloaf___ · first_building Krepost |
| 36:47 | the_meatloaf___ · resign |
[ AI ANALYSIS · 1 CREDIT ]
What really happened in this match?
Wolo.gg analyzes every decision: build order, eco, micro, common mistakes by bracket. Personalized analysis on WhatsApp or Discord in 30 seconds.
Civ guide
Italians
Perfil
Jugador #1979159